 Dungeon Crawl Stone Soup version 0.32-a0-290-g598725c5f2 (webtiles) character file.

Game seed: 12850057697907437351

9884 Ic0nGaming the Mimic (level 11, 0/86 HPs)
             Began as a Vampire Shapeshifter on Feb 13, 2024.
             Was an Elder of Okawaru.
             Slain by a cane toad (20 damage)
             ... on level 1 of the Lair of Beasts.
             The game lasted 00:35:37 (12559 turns).

Ic0nGaming the Mimic (Vampire Shapeshifter)        Turns: 12559, Time: 00:35:38

Health: 0/86       AC:  5    Str: 12 (15) XL:     11   Next: 28%
Magic:  15/15      EV: 17    Int: 14 (16) God:    Okawaru [****..]
Gold:   806        SH:  5    Dex: 21 (22) Spells: 8/10 levels left

rFire   . .          .
                       - Unarmed
rCold   + . .        (shield currently unavailable)
rNeg    . . .        v - melded +3 chain mail {rF+}
rPois   .            n - +1 helmet
rElec   .            (no cloak)
rCorr   .            m - +1 pair of gloves
SInv    +            a - +0 pair of boots of the Shore {Int+3}
Will    ++...        k - amulet of reflection
Stlth   +            g - ring of protection from cold
HPRegen 0.54/turn    u - +6 ring of dexterity
MPRegen 0.14/turn

%: reflection
@: flux-form, enlightened, flying, healing quickly, glowing, invisible (but
backlit and visible) (expiring)
A: glow, contaminating, alive, fangs 3, see invisible, vampiric 2
a: Exsanguinate, Begin Untransformation, Renounce Religion, Heroism, Finesse


You were on level 1 of the Lair of Beasts.
You worshipped Okawaru.
Okawaru was greatly pleased with you.
You were something dangerously unstable.
You visited 2 branches of the dungeon, and saw 11 of its levels.
You also visited: Sewer.

You collected 1184 gold pieces.
You spent 378 gold pieces at shops.

Inventory:

Armour
 a - the +0 pair of boots of the Shore (worn) {Int+3}
   (You found it on level 4 of the Dungeon)

   Int+3:     It affects your intelligence (+3).
 m - a +1 pair of gloves (worn)
 n - a +1 helmet (worn)
 v - a +3 chain mail of fire resistance (melded)
 G - a +0 buckler
Jewellery
 g - a ring of protection from cold (left hand)
 k - an amulet of reflection (around neck)
 u - a +6 ring of dexterity (right hand)
 D - an amulet of guardian spirit
Talismans
 c - a beast talisman
 d - a flux talisman (active)
 o - a dragon-blood talisman
 r - a blade talisman
 E - a serpent talisman
Wands
 b - a wand of digging (7)
 i - a wand of paralysis (3)
 B - a wand of acid (14)
 C - a wand of iceblast (12)
 I - a wand of mindburst (7)
Scrolls
 h - 5 scrolls of teleportation
 j - 2 scrolls of brand weapon
 w - a scroll of silence
 y - a scroll of revelation
 A - a scroll of fear
Potions
 l - 2 potions of enlightenment
 p - a potion of heal wounds {unknown}
 q - a potion of invisibility
 s - a potion of mutation {unknown}
 t - a potion of degeneration
 x - 3 potions of brilliance
 z - a potion of berserk rage {unknown}
 F - a potion of ambrosia {unknown}
 H - a potion of might {unknown}


   Skills:
 - Level 7.9 Fighting
 - Level 2.1 Dodging
 + Level 10.0 Unarmed Combat
 - Level 5.4 Invocations
 * Level 5.7 Evocations
 + Level 10.3 Shapeshifting


You had 8 spell levels left.
You knew the following spells:

 Your Spells              Type           Power      Damage    Failure   Level
a - Blink                 Tloc           0%         N/A       41%         2

Your spell library contained the following spells:

 Spells                   Type           Power      Damage    Failure   Level
 Lesser Beckoning         Tloc           0%         N/A       41%         2
 Momentum Strike          Conj/Tloc      0%         3d8       41%         2
 Sigil of Binding         Hex            0%         N/A       65%         3
 Dimensional Bullseye     Hex/Tloc       0%         N/A       96%         4
 Iskenderun's Mystic Bla  Conj/Tloc      0%         2d3       96%         4
 Ozocubu's Refrigeration  Ice            0%         4d7       100%        7
 Polar Vortex             Ice            0%         N/A       100%        9
 Call Canine Familiar     Summ           Unusable   N/A       N/A         3
 Tukima's Dance           Hex            Unusable   N/A       N/A         3
 Sculpt Simulacrum        Ice/Alch       Unusable   N/A       N/A         6

Dungeon Overview and Level Annotations

Branches:
Dungeon (10/15)            Temple (0/1) D:6            Lair (1/5) D:10
    Orc (0/2) D:10          Sewer (visited)

Altars:
Dithmenos
Gozag
Hepliaklqana
Nemelex Xobeh
Okawaru
Qazlal
Sif Muna
Trog

Shops:
D:6 *:   D:7 *

Annotations:
D:5 3 runed translucent doors, hattey's ghost, novice HuWn


Innate Abilities, Weirdness & Mutations

You are something dangerously unstable.
You glow with magical radiation, making you easy to see and hit.
Foes you strike become dangerously contaminated with magical radiation.
You are incapable of wielding weapons or throwing items.
Your natural rate of healing is accelerated.
You have razor-sharp teeth.
You have supernaturally acute eyesight. (SInv)
You are afflicted with vampirism and can become a bat while bloodless.


Message History

As you read the scroll of teleportation, it crumbles to dust.
You feel strangely unstable. The cane toad stings you!
* * * LOW HITPOINT WARNING * * *
You are lethally poisoned!
The cane toad poisons you!
You feel better. The cane toad misses you. You block the cane toad's attack.
The cane toad stings you!
* * * LOW HITPOINT WARNING * * *
You feel better. The cane toad barely misses you.
The cane toad closely misses you. You block the cane toad's attack.
Your surroundings seem slightly different.
As you read the scroll of teleportation, it crumbles to dust.
You feel strangely unstable.
Your surroundings seem slightly different.
You hit the cane toad.
The cane toad begins to glow.
The cane toad is lightly wounded.
The cane toad completely misses you.
You hit the cane toad.
The cane toad glows dangerously bright.
You bite the cane toad, but do no damage.
The cane toad is lightly wounded.
You hit the cane toad.
The cane toad shudders as magic cascades through it!!
The cane toad twists and deforms.
The cane toad is almost dead.
The cane toad stings you but does no damage.
You punch the cane toad!
You kill the cane toad!
Okawaru accepts your kill.
You flicker for a moment.
You barely miss the cane toad.
The cane toad is lightly wounded.
The cane toad closely misses you.
You hit the cane toad but do no damage.
The cane toad begins to glow.
The cane toad is lightly wounded.
You block the cane toad's attack.
You hit the cane toad.
The cane toad glows dangerously bright.
Your bite misses the cane toad.
The cane toad is moderately wounded.
The cane toad stings you!!
You die...

#######...........
##...##.....P##P..#
#......#.....###.##
#..............#.#P
##......#........... ##..
#.......#........... ##...
##......##.F.#...###
...... ##F#...............
......###p#...............
......#.#.#..............#
........#.#..............#
........#.#..............#
.........................#
........##...............P
.......####...............
......# #..........>....
#.#### #.####.######P##


You could see a cane toad (heavy contam).

Vanquished Creatures
  2 two-headed ogres
  A death yak (Lair:1)
  Pikel (D:4)
  2 cane toads
  A torpor snail (Lair:1)
  2 trolls (D:9)
  A hornet (D:9)
  3 blink frogs (D:10)
  A vampire (D:9)
  Sigmund (D:3)
  A spriggan (D:8)
  A wyvern (D:7)
  A wraith (D:9)
  2 steam dragons
  3 water moccasins
  5 orc warriors
  An ice beast (D:7)
  A black bear (D:7)
  2 ogres
  2 centaurs
  2 lemures (D:4)
  2 phantoms
  3 kobold brigands
  9 bullfrogs
  A gnoll sergeant (D:7)
  15 killer bees
  4 howler monkeys
  An electric eel (Lair:1)
  A jelly (D:8)
  11 orc priests
  2 bombardier beetles
  A gnoll bouda (D:7)
  2 hounds
  3 sleepcaps
  An iguana (D:5)
  9 orc wizards
  A hell rat (D:10)
  9 gnolls (D:7)
  14 adders
  A river rat (D:10)
  2 shadow imps (D:6)
  4 ufetubi (D:6)
  8 dart slugs
  2 ribbon worms
  35 orcs
  8 ball pythons
  2 endoplasms (D:2)
  12 giant cockroaches
  9 goblins
  14 hobgoblins
  5 jackals (D:4)
  25 kobolds
  A quokka (D:1)
  6 bats
  9 frilled lizards
  8 rats
276 creatures vanquished.

Notes
Turn   | Place    | Note
-------+----------+-------------------------------------------
     0 | D:1      | Ic0nGaming the Vampire Shapeshifter began the quest for the
                  | Orb.
     0 | D:1      | Reached XP level 1. HP: 14/14 MP: 1/1
   287 | D:1      | Reached skill level 1 in Fighting
   309 | D:1      | Reached XP level 2. HP: 21/21 MP: 2/2
   545 | D:1      | Gained mutation: You are afflicted with vampirism and can
                  | become a bat while bloodless. [Vampire growth]
   545 | D:1      | Reached XP level 3. HP: 27/27 MP: 3/3
   705 | D:1      | Found a faded altar of an unknown god.
   995 | D:2      | Found an iron altar of Okawaru.
  1003 | D:2      | Became a worshipper of Warmaster Okawaru
  1118 | D:2      | Reached XP level 4. HP: 33/33 MP: 4/4
  1873 | D:3      | Found a glowing drain.
  1913 | Sewer    | Entered a sewer
  2041 | Sewer    | Reached XP level 5. HP: 31/39 MP: 5/5
  2579 | Sewer    | Reached skill level 5 in Unarmed Combat
  2579 | Sewer    | Reached XP level 6. HP: 20/47 MP: 6/6
  2796 | D:3      | Noticed Sigmund
  3141 | D:3      | Found a stormy altar of Qazlal.
  3142 | D:3      | Found a shimmering blue altar of Sif Muna.
  3143 | D:3      | Found a hazy altar of Hepliaklqana.
  3363 | D:3      | Reached skill level 5 in Shapeshifting
  3414 | D:3      | Killed Sigmund
  3414 | D:3      | Reached * piety under Okawaru
  3415 | D:3      | Reached XP level 7. HP: 50/53 MP: 7/7
  4331 | D:4      | Reached skill level 1 in Invocations
  4500 | D:4      | Identified the +0 pair of boots of the Shore {Int+3}
  4869 | D:4      | Reached XP level 8. HP: 60/61 MP: 9/9
  4989 | D:4      | You fall into a shaft and drop 2 floors!
  5040 | D:6      | Reached ** piety under Okawaru
  5137 | D:6      | Reached skill level 5 in Fighting
  5502 | D:6      | Found Sym Vedev's Assorted Antiques.
  5531 | D:6      | Bought a scroll labelled KOLUYBEYDE for 28 gold pieces
  5531 | D:6      | Acquired 734 gold pieces
  5535 | D:6      | Bought a large jade ring for 140 gold pieces
  5535 | D:6      | Bought a glowing chain mail for 210 gold pieces
  5656 | D:6      | Learned a level 2 spell: Blink
  5659 | D:6      | Found a staircase to the Ecumenical Temple.
  5749 | D:5      | Entered Level 5 of the Dungeon
  5820 | D:5      | Found a runed translucent gate.
  5820 | D:5      | Found a runed translucent gate.
  5821 | D:5      | Found an opulent altar of Gozag.
  5821 | D:5      | Found a runed translucent gate.
  5824 | D:5      | Noticed a gargoyle
  5824 | D:5      | Noticed hattey's ghost (novice HuWn)
  5872 | D:4      | Noticed Pikel
  5902 | D:4      | Killed Pikel
  5902 | D:4      | Reached *** piety under Okawaru
  5903 | D:4      | Reached skill level 5 in Invocations
  5903 | D:4      | Reached XP level 9. HP: 50/69 MP: 11/13
  7132 | D:6      | Found Weul's Book Boutique.
  7623 | D:7      | Found Cogeod's Gadget Gallery.
  8357 | D:7      | Reached XP level 10. HP: 62/79 MP: 14/14
  9553 | D:8      | Noticed a two-headed ogre
  9564 | D:8      | Killed a two-headed ogre
  9746 | D:8      | Found a bloodstained altar of Trog.
 10102 | D:9      | Reached skill level 1 in Evocations
 10732 | D:9      | Reached **** piety under Okawaru
 11192 | D:10     | Entered Level 10 of the Dungeon
 11379 | D:10     | Noticed a cane toad
 11400 | D:10     | Killed a cane toad
 11473 | D:10     | Noticed a two-headed ogre
 11480 | D:10     | Killed a two-headed ogre
 11481 | D:10     | Reached XP level 11. HP: 64/86 MP: 12/15
 11556 | D:10     | Reached skill level 10 in Shapeshifting
 11702 | D:10     | Found a staircase to the Lair.
 11743 | D:10     | Found a sparkling altar of Nemelex Xobeh.
 11771 | D:10     | Found a shadowy altar of Dithmenos.
 11831 | D:10     | Found an opulent altar of Gozag.
 12066 | D:10     | Found a staircase to the Orcish Mines.
 12075 | D:10     | Reached skill level 5 in Evocations
 12356 | Lair:1   | Entered Level 1 of the Lair of Beasts
 12393 | Lair:1   | Noticed a death yak
 12429 | Lair:1   | Killed a death yak
 12436 | Lair:1   | Reached skill level 10 in Unarmed Combat
 12512 | Lair:1   | HP: 3/86 [cane toad (13)]
 12535 | Lair:1   | HP: 2/86 [cane toad (13)]
 12559 | Lair:1   | Slain by a cane toad

Illustrated notes

Levels and vault maps discovered:
D:1:      giann_horns, layout_loops_ring,
          hellmonk_ecumenical_altar_heavens_door, minmay_tall_x
D:2:      layout_basic, basic_altar, lexackson_kobold_supper
D:3:      cheibrodos_greedy_goblins, layout_rooms,
          chequers_temple_overflow_statue_of_worship, serial_bayou,
          serial_bayou_pond_d, serial_bayou_shore_b, serial_bayou_pond_e,
          serial_bayou_crossing, cheibrodos_sewer_entry_bend, uniq_sigmund
D:4:      cheibrodos_pilgrimage, layout_loops_ring, uniq_pikel
D:5:      layout_loops_ring, elyvilon_altar_5, ebering_ghost_gozag,
          kennysheep_generic_room_6
D:6:      layout_basic, minmay_temple_entry_tees, serial_shops,
          nicolae_shop_trees, nicolae_shop_window_shopping,
          chequers_serial_rivers_micro_c
D:7:      layout_cave_pools, nicolae_shop_gadgets
D:8:      layout_gridville, lightli_temple_of_fire, lemuel_crystal_altar,
          minmay_misc_feat_ornament, the_hattery
D:9:      layout_cave_pools, minivault_27
D:10:     layout_loops_ring, kennysheep_little_box,
          mainiacjoe_overflow_two_lobes, dpeg_lair_monsters, orc_0_dummy
Lair:1:   layout_gridlike, nicolae_volcano_entry_two_sided,
          hangedman_tree_tricks, serial_bayou_shore_b, uniq_fannar, uniq_maggie

Skill      XL: |  1  2  3  4  5  6  7  8  9 10 11 |
---------------+----------------------------------+-----
Fighting       | 1 2 3 4 5 7 |  7.9
Unarmed Combat | 4 5 6 8 9 10 | 10.0
Shapeshifting  | 4 5 6 7 8 9 10 | 10.3
Invocations    | 2 5 |  5.4
Evocations     | 4 5 |  5.7
Dodging        | |  2.1

Action                     |  1- 3 |  4- 6 |  7- 9 | 10-12 || total
---------------------------+-------+-------+-------+-------++-------
  Melee: Unarmed           |    77 |   191 |   395 |   308 ||   971
         Punch             |     4 |     3 |    24 |       ||    31
         Bite              |     6 |    14 |    44 |    49 ||   113
 Invoke: Heroism           |       |       |     5 |     8 ||    13
Ability: Begin Untransform |     1 |       |       |       ||     1
    Use: Scroll            |       |     6 |     6 |     9 ||    21
         Potion            |       |     1 |     1 |     6 ||     8
   Stab: Sleeping          |     2 |     1 |       |       ||     3
         Distracted        |       |       |       |     1 ||     1
 Armour: Animal skin       |    33 |   112 |    27 |       ||   172
         Skin              |       |    13 |    40 |   123 ||   176
         Chain mail        |       |       |   179 |     5 ||   184
         Steam dragon scal |       |       |    26 |       ||    26
  Dodge: Dodged            |    49 |    99 |   138 |   215 ||   501
  Block: Other             |       |    38 |    67 |    62 ||   167
         Reflection        |       |     7 |       |     2 ||     9
   Form: Beast             |     3 |       |       |       ||     3
         Flux              |     2 |       |       |     1 ||     3

Table legend: (Time is in decaauts)
 A = Elapsed time spent in this place.
 B = Non-inter-level travel time spent in this place.
 C = Inter-level travel time spent in this place.
 D = Time resting spent in this place.
 E = Time spent auto-exploring this place.
 F = Levels seen in this place.
 G = Mean time per level.
                   A        B        C        D        E       F      G
               +--------+--------+--------+--------+--------+-----+--------+
         Total |  12501 |  12130 |    371 |   4206 |   5096 |  12 | 1041.8 |
       Dungeon |  11419 |  11048 |    371 |   3712 |   5081 |  10 | 1141.9 |
          Lair |    197 |    197 |      0 |     51 |     15 |   1 |  197.0 |
         Sewer |    884 |    884 |      0 |    443 |      0 |   1 |  884.0 |
               +--------+--------+--------+--------+--------+-----+--------+

Top non-repeatable levels by time:
     D:7: 1450 daAuts
     D:4: 1420 daAuts
     D:6: 1268 daAuts
     D:9: 1157 daAuts
    D:10: 1151 daAuts
     D:3: 1119 daAuts
     D:8: 1071 daAuts
     D:1: 991 daAuts
     D:2: 956 daAuts
   Sewer: 884 daAuts
     D:5: 831 daAuts
  Lair:1: 197 daAuts
